 Dungeon Crawl Stone Soup version 0.29-a0-297-g7659ce593d (webtiles) character file.

Game seed: 15281858987525570385

128 kae the Firebug (level 5, -7/30 HPs)
             Began as a Tengu Fire Elementalist on Mar 21, 2022.
             Mangled by a gnoll
             ... wielding a +0 whip
              (8 damage)
             ... on level 1 of the Dungeon.
             The game lasted 00:02:05 (3462 turns).

kae the Firebug (Tengu Fire Elementalist)           Turns: 3462, Time: 00:02:06

Health: -7/30      AC:  2    Str:  8    XL:     5   Next: 12%
Magic:  4/10       EV: 14    Int: 17    God:
Gold:   64         SH:  0    Dex: 15    Spells: 3/9 levels left

rFire   . . .      SeeInvis .   (no weapon)
rCold   . . .      Faith    .   j - orb {*Rage}
rNeg    . . .      Spirit   .   a - +0 robe
rPois   .          Reflect  .   (helmet restricted)
rElec   .          Harm     .   (no cloak)
rCorr   .          Rampage  .   (no gloves)
Will    .....      Rage     20% (boots unavailable)
Stlth   ++........              (no amulet)
HPRegen 0.10/turn               (no ring)
MPRegen 0.12/turn               (no ring)

@: flying quickly and evasively, quick
A: beak, talons 3, nimble flight
a: no special abilities


You were on level 1 of the Dungeon.
You visited 1 branch of the dungeon, and saw 2 of its levels.

You collected 64 gold pieces.

Inventory:

Armour
 a - a +0 robe (worn)
 j - an orb of wrath (worn)
Jewellery
 f - a +4 ring of protection
 h - a ring of poison resistance
Scrolls
 c - a scroll of immolation {unknown}
 g - a scroll of identify {unknown}
 i - a scroll of fear {unknown}
Potions
 b - a potion of magic
 d - a potion of invisibility {unknown}
 e - a potion of heal wounds {unknown}
 k - a potion of curing {unknown}


   Skills:
 + Level 1.8 Fighting
 - Level 2.1 Dodging
 - Level 2.0 Stealth
 + Level 2.7 Spellcasting
 + Level 2.9 Conjurations
 * Level 4.6 Fire Magic


You had 3 spell levels left.
You knew the following spells:

 Your Spells              Type           Power      Damage    Failure   Level
a - Foxfire               Conj/Fire      60%        2x1d7     3%          1
b - Scorch                Fire           36%        2d7       4%          2
c - Conjure Flame         Conj/Fire      15%        6-21      11%         3

Your spell library contained the following spells:

 Spells                   Type           Power      Damage    Failure   Level
 Inner Flame              Hex/Fire       10%        N/A       21%         3
 Flame Wave               Conj/Fire      15%        2d6       36%         4


Dungeon Overview and Level Annotations

Branches:
Dungeon (2/15)

Altars:


Innate Abilities, Weirdness & Mutations

You have a beak for a mouth.
You have claws for feet.
Your magical nature lets you fly swiftly and evasively.


Message History

HP restored.
You fly downwards.
The gnoll hits you with a +0 club.
There is a stone staircase leading up here.
The gnoll closely misses you. The gnoll hits you with a +0 club!
Really fly into that dispersal trap?
You enter a dispersal trap!
The gnoll blinks!
You blink.
There is a stone staircase leading up here.
You fly upwards.
There is a stone staircase leading down here.
You start resting.
HP restored.
You fly downwards.
The gnoll misses you. The gnoll hits you with a +0 club.
The gnoll hits you with a +0 whip.
There is a stone staircase leading up, spattered with blood here.
The gnoll misses you. The gnoll hits you with a +0 club!
You fly upwards.
There is a stone staircase leading down here.
Casting: Scorch (safe; 4% risk of failure)
Confirm with . or Enter, or press ? or * to list all spells.
Flames lash the gnoll.
The gnoll is severely wounded.
The gnoll's fire resistance burns away.
The gnoll completely misses you. The gnoll hits you with a +0 whip.
* * * LOW HITPOINT WARNING * * *
Casting: Scorch (safe; 4% risk of failure)
Confirm with . or Enter, or press ? or * to list all spells.
Flames lash the gnoll.
The gnoll is burned terribly!
You kill the gnoll!
The gnoll hits you with a +0 whip.
* * * LOW HITPOINT WARNING * * *
The gnoll hits you with a +0 whip.
* * * LOW HITPOINT WARNING * * *
Casting: Scorch (safe; 4% risk of failure)
Confirm with . or Enter, or press ? or * to list all spells.
Flames lash the gnoll.
The gnoll is severely wounded.
The gnoll's fire resistance burns away.
The gnoll completely misses you. The gnoll hits you with a +0 whip!
You die...

..## #.#.##≈≈.#..≈≈.# #..###
##.##.######≈≈..#
.....###.........≈≈≈#.##
..#......###.##≈≈≈##..#
.#######.##≈.###.###.## ##
#.##≈≈.##.##..# .####
#.##≈....)...## ..#.#
#.###.###g##.#
....####.##...##@##.#
#..#........#.##.##.#
..######.........##.# ..###
############.# .##.# #######.#
.##.#########.#.....##########
.............#...............#
..#.#########.#.############.#
..#.# ###.# #.#


You could see a gnoll (combustible).

Vanquished Creatures
  Robin (D:2)
  2 gnolls
  4 adders
  2 dart slugs
  5 endoplasms
  2 giant cockroaches
  12 goblins
  6 hobgoblins
  3 jackals (D:2)
  A quokka (D:2)
  6 ball pythons
  4 bats
  6 frilled lizards
  3 kobolds
  6 rats
63 creatures vanquished.

Vanquished Creatures (collateral kills)
  A foxfire (D:1)
1 creature vanquished.

Vanquished Creatures (others)
  149 foxfires
  32 plants (D:1)
181 creatures vanquished.

Grand Total: 245 creatures vanquished

Notes
Turn   | Place    | Note
-------+----------+-------------------------------------------
     0 | D:1      | kae the Tengu Fire Elementalist began the quest for the
                  | Orb.
     0 | D:1      | Reached XP level 1. HP: 10/10 MP: 4/4
   311 | D:1      | Reached XP level 2. HP: 16/16 MP: 3/6
   611 | D:1      | Found a faded altar of an unknown god.
  1023 | D:1      | Reached XP level 3. HP: 20/20 MP: 3/7
  1271 | D:1      | Reached skill level 1 in Fighting
  1411 | D:2      | Learned a level 2 spell: Scorch
  1415 | D:2      | Learned a level 3 spell: Conjure Flame
  1702 | D:2      | Reached skill level 4 in Fire Magic
  2109 | D:2      | Noticed Robin
  2184 | D:1      | Reached XP level 4. HP: 8/25 MP: 2/8
  2554 | D:2      | Killed Robin
  3261 | D:2      | Gained mutation: Your magical nature lets you fly swiftly
                  | and evasively. [Tengu growth]
  3261 | D:2      | Reached XP level 5. HP: 23/30 MP: 3/10
  3460 | D:1      | HP: 1/30 [gnoll/+0 whip (6)]
  3462 | D:1      | Mangled by a gnoll

Illustrated notes

Levels and vault maps discovered:
D:1:      roderic_crop_circles_arrival_small, layout_loops_ring,
          nicolae_ecumenical_snake_handling, chequers_serial_rivers_small_b
D:2:      layout_loops_cross, uniq_robin

Skill      XL: |  1  2  3 |
---------------+----------+-----
Conjurations   | 2 |  2.9
Fighting       | 1 |  1.8
Fire Magic     | 4 |  4.6
Dodging        | |  2.1
Stealth        | |  2.0
Spellcasting   | |  2.7

Action                   |  1- 3 |  4- 6 || total
-------------------------+-------+-------++-------
Melee: Unarmed           |    16 |     5 ||    21
       Peck              |     4 |       ||     4
       Kick              |     1 |       ||     1
 Cast: Foxfire           |    79 |    15 ||    94
       Scorch            |     2 |    17 ||    19
  Use: Scroll            |     1 |       ||     1
Armor: Robe              |     6 |     4 ||    10
Dodge: Dodged            |    40 |    23 ||    63

Table legend: (Time is in decaauts)
 A = Elapsed time spent in this place.
 B = Non-inter-level travel time spent in this place.
 C = Inter-level travel time spent in this place.
 D = Time resting spent in this place.
 E = Time spent auto-exploring this place.
 F = Levels seen in this place.
 G = Mean time per level.
                   A        B        C        D        E       F      G
               +--------+--------+--------+--------+--------+-----+--------+
         Total |   3478 |   3466 |     12 |   1022 |   1984 |   2 | 1739.0 |
       Dungeon |   3478 |   3466 |     12 |   1022 |   1984 |   2 | 1739.0 |
               +--------+--------+--------+--------+--------+-----+--------+

Top non-repeatable levels by time:
     D:1: 2188 daAuts
     D:2: 1290 daAuts
